Map: 어스름 탑

Players

IIIIIlllllll

  • Race: Zerg Zerg
  • League: Grandmaster

llllllllllll (Scarlett) - Winner!

  • Race: Zerg Zerg
  • League: Grandmaster

VOD

Have the link to the VOD?

Description

Time

  • Played on: April 13, 2016, 8:41 a.m.
  • Length: 4:45
Show
View Real Time Build Order
Export as new Build Order

IIIIIlllllll Zerg 

Build Orders: Hatch First 

Get SALT Encoding   

  12  0:00  Drone  
  13  0:12  Overlord  
  13  0:17  Drone  
  14  0:30  Drone x2  
  14  0:35  Drone  
  17  0:53  Hatchery  
  17  0:55  Drone  
  17  0:59  Drone  
  18  1:10  Extractor  
  17  1:13  Spawning Pool  
  17  1:16  Drone  
  17  1:19  Drone  
  18  1:27  Drone  
  19  1:39  Overlord  
  19  1:54  Drone  
  19  1:59  Queen  
  19  2:00  Zergling x2  
  23  2:05  Drone, Queen  
  26  2:11  Drone, Metabolic Boost  
  27  2:17  Drone  
  27  2:22  Drone  
  29  2:29  Drone  
  30  2:31  Baneling Nest  
  30  2:32  Drone  
  30  2:38  Zergling x2  
  31  2:48  Hatchery  
  31  2:50  Drone  
  31  2:54  Drone  
  32  2:59  Overlord  
  32  3:03  Evolution Chamber  
  32  3:04  Drone  
  32  3:06  Drone  
  32  3:10  Drone  
  34  3:13  Drone  
  34  3:14  Drone  
  36  3:20  Queen  
  36  3:23  Baneling x2  
  36  3:26  Drone  
  39  3:27  Drone  
  39  3:31  Drone  
  41  3:34  Drone  
  41  3:39  Zergling x2  
  43  3:43  Overlord  
  43  3:45  Queen  
  43  3:46  Extractor  
  45  3:51  Overlord  
  44  4:03  Zergling x8  
  44  4:04  Zergling x2  
  44  4:05  Zergling x4  
  44  4:07  Zergling x2  
  44  4:08  Zergling x2  
  49  4:11  Zergling x2  
  49  4:15  Zergling x2  
  47  4:20  Zergling x2  
  47  4:21  Baneling x2  
  49  4:27  Zergling x2  
Show
View Real Time Build Order
Export as new Build Order

llllllllllll Zerg - Winner!

Build Orders: 3 Hatch before Pool 

Get SALT Encoding   

  12  0:01  Drone  
  13  0:09  Drone  
  14  0:17  Overlord  
  14  0:24  Drone, Extractor  
  15  0:37  Drone  
  15  0:38  Drone  
  17  0:54  Hatchery  
  16  0:58  Drone  
  17  1:04  Drone  
  17  1:08  Drone  
  19  1:21  Hatchery  
  18  1:30  Drone, Extractor  
  18  1:37  Spawning Pool  
  17  1:42  Drone  
  18  1:47  Drone  
  18  1:50  Drone  
  20  2:00  Drone  
  21  2:18  Drone x2  
  21  2:19  Overlord  
  23  2:25  Zergling x2, Queen  
  23  2:26  Queen  
  28  2:33  Metabolic Boost  
  28  2:34  Zergling x2  
  29  2:41  Queen  
  31  2:44  Zergling x2  
  31  2:46  Drone  
  33  2:57  Spore Crawler  
  32  3:02  Zergling x6  
  32  3:03  Zergling x6  
  39  3:08  Overlord  
  39  3:14  Zergling x2, Overlord  
  39  3:15  Zergling x2  
  41  3:24  Overlord  
  41  3:25  Zergling x2  
  42  3:39  Zergling x16  
  50  3:45  Zergling x2  
  50  3:46  Zergling x4  
  53  3:53  Zergling x8  
  54  4:09  Zergling x12  
  56  4:16  Zergling x6  
  58  4:19  Zergling x6  
  61  4:26  Zergling x6  
Tags
 
Add a new tag
Caveats
  • Supply blocks, unpowered buildings, or Contaminate may cause inaccurate times.
  • Supply counts are checked every 10 seconds.